[Event "Titled Tuesday Blitz January 25 2022"]
[White "Havanecz, Bianka"]
[Black "Sargsyan, Anna M."]
[WhiteFideId "704814"]
[BlackFideId "13308130"]
[WhiteElo "2387"]
[BlackElo "2271"]
[Result "1-0"]
[Round "09"]
[TimeControl "180+1"]
[Date "2022.01.26"]
[WhiteClock "0:00:17"]
[BlackClock "0:00:14"]

1. d4 d5 2. c4 c6 3. Nf3 Nf6 4. Nc3 dxc4 5. a4 Bf5 6. e3 e6 7. Bxc4 Bb4 8. O-O Nbd7 9. Qe2 O-O 10. e4 Bg6 11. Bd3 Re8 12. e5 Nd5 13. Nxd5 cxd5 14. Bg5 Be7 15. Be3 Rc8 16. Bxg6 hxg6 17. Rfc1 Qa5 18. Bd2 Qb6 19. Bc3 Qb3 20. Nd2 Qb6 21. a5 Qc6 22. h3 a6 23. Nf3 Qc4 24. Qe3 Qb5 25. Qf4 Rc6 26. h4 Rec8 27. Qg4 Qd3 28. h5 gxh5 29. Qxh5 Nf8 30. Rd1 Qg6 31. Qh3 Nh7 32. Re1 Ng5 33. Nxg5 Bxg5 34. Rad1 Bh6 35. Rd3 Kh7 36. Rg3 Qc2 37. Qh5 R8c7 38. Qf3 Qf5 39. Qxf5+ exf5 40. Rh3 Kg8 41. Kf1 Rd7 42. Ke2 b6 43. axb6 Rxb6 44. Kd3 Kf8 45. Ra1 Ke7 46. Ra5 Ke6 47. Rh1 Rc7 48. Rha1 Rcc6 49. f3 Bg5 50. g3 f4 51. gxf4 Bxf4 52. Rg1 g5 53. Rh1 Kf5 54. Rh7 Kg6 55. Rh8 f6 56. Rxd5 fxe5 57. dxe5 Kf7 58. Rd7+ Ke6 59. Ra7 Rb5 60. Rh6+ Kd5 61. Rd7+ Kc5 62. Bd4+ Kb4 63. Rxc6 a5 64. Bc3+ Kb3 65. Rcc7 Bxe5 66. Rb7 1-0


[Site "https://www.chess.com"]

[Event "Titled Tuesday Blitz January 25 2022"]
[White "Howell, David W L"]
[Black "Mirzoev, Azer"]
[WhiteFideId "410608"]
[BlackFideId "13400304"]
[WhiteElo "2559"]
[BlackElo "2525"]
[Result "1-0"]
[Round "09"]
[TimeControl "180+1"]
[Date "2022.01.26"]
[WhiteClock "0:00:24"]
[BlackClock "0:00:10"]

1. e4 e5 2. f4 Bc5 3. Nf3 d6 4. c3 Nf6 5. d4 exd4 6. cxd4 Bb4+ 7. Bd2 Bxd2+ 8. Nbxd2 O-O 9. Bd3 Nh5 10. g3 c5 11. dxc5 dxc5 12. Qe2 Nc6 13. O-O Bg4 14. Qe3 Nf6 15. a3 Re8 16. e5 Nd5 17. Qe4 g6 18. Bc4 Nb6 19. Ba2 Be6 20. Bxe6 Rxe6 21. Rac1 Qf8 22. Qe3 f6 23. Ne4 fxe5 24. Nxc5 Re7 25. Nxe5 Nxe5 26. fxe5 Qg7 27. Qb3+ Kh8 28. e6 Qd4+ 29. Kg2 Qd5+ 30. Qf3 Rc8 31. b4 Qxf3+ 32. Rxf3 Nd5 33. Rd1 b6 34. Rxd5 bxc5 35. Rxc5 Rxc5 36. bxc5 Rxe6 37. Rc3 Rc6 38. Kf3 Kg7 39. Ke4 Kf7 40. Kd5 Rc8 41. c6 Ke7 42. Re3+ Kf6 43. Kd6 Rd8+ 44. Kc5 Rd2 45. c7 Rc2+ 46. Kd6 Rd2+ 47. Kc6 Rc2+ 48. Kb7 Rb2+ 49. Kxa7 Rc2 50. Kb7 Rb2+ 51. Kc6 Rc2+ 52. Kd7 Rd2+ 53. Kc8 Rxh2 54. Rb3 h5 55. Kb7 Rc2 56. c8=Q Rxc8 57. Kxc8 g5 58. a4 h4 59. gxh4 gxh4 60. a5 1-0


[Site "https://www.chess.com"]

[Event "Titled Tuesday Blitz January 25 2022"]
[White "Iskusnyh, Sergei"]
[Black "Jaracz, Pawel"]
[WhiteFideId "4120027"]
[BlackFideId "1102222"]
[WhiteElo "2492"]
[BlackElo "2429"]
[Result "0-1"]
[Round "09"]
[TimeControl "180+1"]
[Date "2022.01.26"]
[WhiteClock "0:00:05"]
[BlackClock "0:00:32"]

1. d4 Nf6 2. c4 e6 3. g3 b6 4. Bg2 c6 5. Nf3 d5 6. O-O Be7 7. Nc3 O-O 8. Ne5 Bb7 9. Qa4 Nfd7 10. Nf3 a6 11. cxd5 cxd5 12. Bf4 Nc6 13. Rfc1 b5 14. Qd1 Nb6 15. a4 b4 16. Nb1 Rc8 17. Nbd2 Na5 18. h4 Nbc4 19. b3 Nd6 20. Ne5 f6 21. Nd3 Ne4 22. Nxe4 dxe4 23. Ne1 Qd5 24. Rxc8 Rxc8 25. Rb1 Rc3 26. Nc2 Rxb3 27. Ne3 Rxb1 28. Qxb1 Qb3 29. Qc1 Qc3 30. Qd1 b3 31. d5 b2 32. Kh2 e5 33. Nf5 Bb4 34. d6 Qb3 35. d7 Qxd1 0-1


[Site "https://www.chess.com"]

[Event "Titled Tuesday Blitz January 25 2022"]
[White "Jakubowski, Krzysztof"]
[Black "Senthil Maran K"]
[WhiteFideId "1112848"]
[BlackFideId "25035681"]
[WhiteElo "2365"]
[BlackElo "2194"]
[Result "1-0"]
[Round "09"]
[TimeControl "180+1"]
[Date "2022.01.26"]
[WhiteClock "0:00:23"]
[BlackClock "0:00:07"]

1. e4 c6 2. d4 d5 3. e5 Bf5 4. Nf3 e6 5. Be2 Nd7 6. O-O Bg6 7. Nbd2 Nh6 8. a4 a5 9. Nb3 Be7 10. Bxh6 gxh6 11. Qd2 Bf8 12. c4 dxc4 13. Bxc4 Bg7 14. Qc3 O-O 15. Rad1 Nb6 16. Nc5 Qe7 17. Nd2 Nd5 18. Qb3 b6 19. Nce4 c5 20. Bxd5 exd5 21. Qxd5 Rad8 22. Nd6 cxd4 23. f4 Kh8 24. Qxd4 f6 25. N2c4 fxe5 26. fxe5 Rxf1+ 27. Rxf1 Rf8 28. Rxf8+ Qxf8 29. Qxb6 Qf4 30. Qd8+ Bf8 31. Qf6+ Qxf6 32. exf6 Kg8 33. Nb7 Bc2 34. Ne5 Bxa4 35. Nxa5 Bd6 36. Nac4 Bc7 37. Kf2 Bb3 38. Ke3 Bxc4 39. Nxc4 Kf7 40. h3 Kxf6 41. Ke4 Kg5 42. b4 Kh4 43. Kf3 Kg5 44. b5 Kf5 45. b6 Bb8 46. Na5 Ke6 47. Nc6 Bd6 48. b7 Kd7 49. b8=Q Bxb8 50. Nxb8+ Ke6 51. Nc6 Kf5 52. Nd4+ Ke5 53. Ne2 Kf5 54. Kg3 Kg5 55. Ng1 h5 56. Nf3+ Kf5 57. Kh4 Kg6 58. Ne5+ Kh6 59. Nd3 Kg6 60. Nf4+ Kf5 61. Nxh5 Ke4 62. g4 Ke5 63. Kg5 Ke6 64. Kh6 Kf7 65. Kxh7 Ke6 66. g5 Kf5 67. g6 Kg5 68. g7 Kh4 69. g8=Q Kxh3 70. Nf4+ Kh4 71. Ng2+ Kh5 72. Ne3 Kh4 73. Qg4# 1-0


[Site "https://www.chess.com"]

[Event "Titled Tuesday Blitz January 25 2022"]
[White "Janaszak, Dawid"]
[Black "Samadov, Read"]
[WhiteFideId "1119206"]
[BlackFideId "13417444"]
[WhiteElo "2199"]
[BlackElo "2084"]
[Result "0-1"]
[Round "09"]
[TimeControl "180+1"]
[Date "2022.01.26"]
[WhiteClock "0:00:13"]
[BlackClock "0:00:05"]

1. e4 c5 2. Nc3 d6 3. f4 g6 4. Nf3 Bg7 5. Bc4 Nc6 6. O-O e6 7. d4 cxd4 8. Nb5 Nge7 9. Bb3 O-O 10. Nbxd4 Nxd4 11. Nxd4 Bd7 12. Be3 Rc8 13. c3 a6 14. Qe1 b5 15. Rd1 Qc7 16. f5 exf5 17. Qh4 Rce8 18. Bh6 Bxh6 19. Qxh6 Qc5 20. Kh1 Qe5 21. Nf3 Qg7 22. Qxg7+ Kxg7 23. Rxd6 Bc8 24. e5 f4 25. e6 Nf5 26. exf7 Nxd6 27. fxe8=Q Rxe8 28. Nd4 g5 29. Kg1 h6 30. Rd1 Kf6 31. Nc6 Nf5 32. Kf2 Bb7 33. Na5 Ba8 34. Rd7 g4 35. g3 f3 36. Rd2 h5 37. c4 h4 38. c5 hxg3+ 39. hxg3 Rh8 40. c6 Rh2+ 41. Ke1 Rh1+ 42. Kf2 Rh2+ 43. Ke1 Rxd2 44. Kxd2 Ne7 45. c7 Ke5 46. Bc2 Kd6 47. Bf5 Kxc7 48. Bxg4 Ng6 49. Ke3 Ne5 50. Bh3 Bd5 51. Nb3 Nc4+ 52. Kd4 Kd6 53. Nc5 Nxb2 54. Nxa6 Bxa2 55. Ke3 Bd5 56. Nb4 Nc4+ 57. Kf2 Be4 58. Bg4 Kc5 59. Na6+ Kb6 60. Nb4 Ne5 61. Be6 Ka5 62. Nc2 Bxc2 63. Ke3 b4 64. Kd4 f2 0-1


[Site "https://www.chess.com"]

[Event "Titled Tuesday Blitz January 25 2022"]
[White "Jobava, Baadur"]
[Black "Nakamura, Hikaru"]
[WhiteFideId "13601520"]
[BlackFideId "2016192"]
[WhiteElo "2617"]
[BlackElo "2850"]
[Result "0-1"]
[Round "09"]
[TimeControl "180+1"]
[Date "2022.01.26"]
[WhiteClock "0:00:02"]
[BlackClock "0:00:10"]

1. e4 d5 2. exd5 Qxd5 3. Nc3 Qa5 4. d4 Nf6 5. Bd3 c6 6. Nf3 Bf5 7. O-O Bxd3 8. Qxd3 e6 9. Re1 Bb4 10. Bd2 O-O 11. Ne5 Nbd7 12. Qg3 Rfe8 13. h3 Rad8 14. a3 Bxc3 15. Bxc3 Qd5 16. Qf4 Nb6 17. b3 c5 18. dxc5 Qxc5 19. Qg3 Nbd5 20. Bd2 Qxc2 21. Bh6 Nh5 22. Qf3 Qf5 23. Qxf5 exf5 24. Bd2 Nhf6 25. f3 h6 26. Rad1 Nb6 27. Bc3 Rxd1 28. Rxd1 Nfd5 29. Bd4 Rc8 30. Rd2 f4 31. Kf2 Nf6 32. Nd3 Nbd5 33. Bxa7 b6 34. Nb4 Nxb4 35. axb4 Rc6 36. b5 Rc5 37. Bxb6 Rxb5 38. Bd4 Nd5 39. Rd3 Ra5 40. Rd2 Rb5 41. Rd3 f6 42. Ke1 Kf7 43. Kd2 Ke6 44. Kc1 Nb4 45. Rd2 Nc6 46. Kb2 Na5 47. Rd3 Rg5 48. Rd2 Rb5 49. Rd3 Nc6 50. Bc3 Ne7 51. Bd2 Rg5 52. g4 fxg3 53. Bxg5 hxg5 54. b4 Nd5 55. b5 Ke5 56. Rd2 Ne3 57. Kb3 g2 58. b6 g1=Q 59. b7 Qb1+ 60. Rb2 Qd3+ 61. Ka2 Qd5+ 62. Kb1 Qxf3 63. b8=Q+ Kf5 64. Qc8+ Kg6 65. Qe8+ Kh7 66. Qb5 Qxh3 67. Ka2 Qe6+ 68. Kb1 Qe4+ 69. Ka2 Nf5 70. Rh2+ Kg6 71. Qb3 Qa8+ 72. Kb1 Qe8 73. Ka2 Qe5 74. Rb2 Nd4 75. Qb7 Qa5+ 76. Kb1 Qe1+ 77. Ka2 Qe6+ 78. Kb1 g4 79. Rd2 Nf3 80. Rb2 Qe1+ 81. Ka2 Qe6+ 82. Kb1 Qf5+ 83. Ka2 g3 84. Qb8 Qd5+ 85. Ka3 Ne5 86. Qe8+ Kg5 87. Qh8 Nc4+ 88. Kb4 Nxb2 89. Qxg7+ Kf5 90. Qxg3 Nd3+ 91. Kc3 Nf4 0-1


[Site "https://www.chess.com"]

[Event "Titled Tuesday Blitz January 25 2022"]
[White "Karabalis, Harilos"]
[Black "Villegas, Pierre"]
[WhiteFideId "4621808"]
[BlackFideId "654183"]
[WhiteElo "2168"]
[BlackElo "2410"]
[Result "1/2-1/2"]
[Round "09"]
[TimeControl "180+1"]
[Date "2022.01.26"]
[WhiteClock "0:00:44"]
[BlackClock "0:00:48"]

1. e4 c6 2. d4 d5 3. e5 a6 4. Bd3 c5 5. c3 Nc6 6. Be3 Nh6 7. Nf3 Nf5 8. Bxf5 Bxf5 9. dxc5 Bg4 10. Bd4 e6 11. Nbd2 Be7 12. h3 Bh5 13. Qe2 b6 14. Qe3 Nxd4 15. cxd4 Bxf3 16. Nxf3 bxc5 17. dxc5 Qa5+ 18. Qd2 Qxd2+ 19. Kxd2 Bxc5 20. Rhf1 Rb8 21. b3 Kd7 22. Rac1 Rhc8 23. Kd3 f6 24. Rc2 Ba7 25. Re2 Rc6 26. Rfe1 Rbc8 27. exf6 gxf6 28. Rd2 Rc3+ 29. Ke2 Rc2 30. Rd1 Kd6 31. Ne1 Rxd2+ 32. Rxd2 e5 33. f3 h5 34. g4 hxg4 35. hxg4 Rh8 36. Rc2 Rh2+ 37. Kd3 Rxc2 38. Nxc2 Ke6 39. b4 f5 40. gxf5+ Kxf5 41. a4 e4+ 42. fxe4+ dxe4+ 43. Kc4 e3 44. Nxe3+ Bxe3 45. a5 Bd2 46. b5 axb5+ 47. Kxb5 Bxa5 1/2-1/2


[Site "https://www.chess.com"]

[Event "Titled Tuesday Blitz January 25 2022"]
[White "Koelle, Tobias"]
[Black "Kosakowski, Jakub"]
[WhiteFideId "16207378"]
[BlackFideId "1185080"]
[WhiteElo "2541"]
[BlackElo "2476"]
[Result "1-0"]
[Round "09"]
[TimeControl "180+1"]
[Date "2022.01.26"]
[WhiteClock "0:01:37"]
[BlackClock "0:01:09"]

1. d4 e5 2. dxe5 Nc6 3. Nf3 Qe7 4. Bf4 Qb4+ 5. Bd2 Qxb2 6. Nc3 Bb4 7. Rb1 Qa3 8. Nd5 Bxd2+ 9. Qxd2 Kd8 10. e4 Nge7 11. Bc4 Qc5 12. Bb3 h6 13. O-O Ng6 14. Kh1 Ncxe5 15. Nxe5 Nxe5 16. f4 Ng6 17. e5 d6 18. Rbd1 Bg4 19. Rde1 c6 20. Ne3 Bd7 21. exd6 Re8 22. Bxf7 Nf8 23. Bxe8 Bxe8 24. Ng4 Bd7 25. Ne5 Be6 26. f5 Bd5 27. f6 g5 28. c4 Be6 29. f7 a5 30. Rf6 Ra6 31. Rxh6 Rb6 32. Qxg5+ Kc8 33. Qe7 Qg1+ 34. Rxg1 Rb1 35. Qxf8# 1-0


[Site "https://www.chess.com"]

[Event "Titled Tuesday Blitz January 25 2022"]
[White "Kucuksari, Kaan"]
[Black "Romanchuk, Viktor"]
[WhiteFideId "6380166"]
[BlackFideId "14109271"]
[WhiteElo "2305"]
[BlackElo "2242"]
[Result "0-1"]
[Round "09"]
[TimeControl "180+1"]
[Date "2022.01.26"]
[WhiteClock "0:00:04"]
[BlackClock "0:00:11"]

1. d4 d5 2. c4 c6 3. Nf3 Nf6 4. Qc2 dxc4 5. Qxc4 Bf5 6. g3 e6 7. Bg2 Nbd7 8. O-O Be7 9. Nc3 O-O 10. e3 Ne4 11. Nxe4 Bxe4 12. Ne1 Bxg2 13. Kxg2 e5 14. dxe5 Nxe5 15. Qe4 Bf6 16. Nf3 Nxf3 17. Qxf3 Qb6 18. Rb1 Rfd8 19. b3 Rd3 20. Rd1 Rad8 21. Rxd3 Rxd3 22. Bb2 Bxb2 23. Rxb2 Qd8 24. Rc2 g6 25. Rc4 Qd5 26. Re4 Kf8 27. Ra4 a5 28. e4 Qd8 29. Qf4 b5 30. Ra3 a4 31. Qe5 Kg8 32. Qc5 Qe8 33. e5 Rd5 34. Qc3 axb3 35. f4 bxa2 36. Rxa2 Qd8 37. Qxc6 Rd2+ 38. Rxd2 Qxd2+ 39. Kh3 b4 40. Qc8+ Kg7 41. Qb7 Kg8 42. Kg4 Qxh2 43. Kg5 Qh5+ 44. Kf6 Qf5+ 45. Ke7 Qe6+ 46. Kd8 b3 47. Qb4 h5 48. Kc7 Qd5 49. Qb8+ Kg7 50. Qb4 Qd3 51. Qb6 Qc2+ 52. Kd7 Qc4 53. Qf6+ Kg8 54. Kd8 Qd5+ 55. Kc8 Qe6+ 56. Qxe6 fxe6 57. f5 gxf5 58. Kd7 Kf7 59. Kd6 b2 60. Kc5 0-1


[Site "https://www.chess.com"]

[Event "Titled Tuesday Blitz January 25 2022"]
[White "Kukhmazov, Arsen"]
[Black "Goncalves, Davi Sulzbacher"]
[WhiteFideId "24108260"]
[BlackFideId "2154510"]
[WhiteElo "2487"]
[BlackElo "2107"]
[Result "0-1"]
[Round "09"]
[TimeControl "180+1"]
[Date "2022.01.26"]
[WhiteClock "0:00:03"]
[BlackClock "0:00:13"]

1. d4 Nf6 2. c4 g6 3. h4 c5 4. d5 e6 5. Nc3 exd5 6. cxd5 d6 7. Nf3 Bg4 8. Nd2 h5 9. Nc4 a6 10. a4 Bg7 11. Bf4 O-O 12. Nxd6 Qb6 13. Qd2 Rd8 14. a5 Qb4 15. Ra4 Qb3 16. e3 Nxd5 17. Nxd5 Qxa4 18. f3 Be6 19. Nb6 Qa1+ 20. Kf2 Nc6 21. Nxa8 Rxa8 22. Rg1 Qxa5 23. Qxa5 Nxa5 24. Be2 b5 25. Ra1 Nb3 26. Ra3 c4 27. Nxb5 Bxb2 28. Ra2 c3 29. Nc7 Nc1 30. Ra5 Rc8 31. e4 c2 32. Rc5 Bd4+ 33. Be3 Bxc5 34. Nxe6 Bxe3+ 0-1


[Site "https://www.chess.com"]

[Event "Titled Tuesday Blitz January 25 2022"]
[White "Liyanage, Ranindu Dilshan"]
[Black "Bacrot, Etienne"]
[WhiteFideId "9915834"]
[BlackFideId "605506"]
[WhiteElo "1858"]
[BlackElo "2673"]
[Result "0-1"]
[Round "09"]
[TimeControl "180+1"]
[Date "2022.01.26"]
[WhiteClock "0:00:45"]
[BlackClock "0:01:30"]

1. e4 c5 2. Nf3 d6 3. d4 cxd4 4. Nxd4 Nf6 5. Nc3 Nc6 6. Bg5 e6 7. Qd3 Bd7 8. O-O-O a6 9. h4 Be7 10. Be2 Qb6 11. Nxc6 Bxc6 12. Be3 Qc7 13. f3 b5 14. a3 Rb8 15. g4 a5 16. g5 Nd7 17. Bd4 b4 18. axb4 axb4 19. Nb1 O-O 20. Nd2 Bb5 21. Qe3 Rfc8 22. Bd3 e5 23. Ba7 Ra8 0-1


[Site "https://www.chess.com"]

[Event "Titled Tuesday Blitz January 25 2022"]
[White "Maevsky, Nikolay"]
[Black "Azadaliyev, Jahandar"]
[WhiteFideId "4198220"]
[BlackFideId "13425811"]
[WhiteElo "2104"]
[BlackElo "1795"]
[Result "0-1"]
[Round "09"]
[TimeControl "180+1"]
[Date "2022.01.26"]
[WhiteClock "0:00:01"]
[BlackClock "0:00:33"]

1. d4 Nf6 2. Nf3 d5 3. e3 e6 4. Bd3 b6 5. b3 Bb7 6. Bb2 Nbd7 7. Nbd2 Be7 8. O-O O-O 9. Ne5 Nxe5 10. dxe5 Nd7 11. f4 c5 12. c4 d4 13. Qe2 dxe3 14. Qxe3 Qc7 15. Ne4 Rfd8 16. Rf3 Nf8 17. Rg3 Ng6 18. Rf1 Qc6 19. Nf2 Bh4 20. Be4 Qc7 21. Rf3 Bxf2+ 22. R3xf2 Bxe4 23. Qxe4 Ne7 24. g4 Qc6 25. Qe2 Rd7 26. f5 Rad8 27. f6 Ng6 28. fxg7 Nh4 29. Qe3 Rd1 30. Qh3 R8d2 31. Rxd2 Rxd2 32. Rf2 Rd1+ 33. Rf1 Nf3+ 34. Kf2 Rd2+ 35. Ke3 Ng5 36. Qh5 Qg2 37. Qxg5 Qe2+ 38. Kf4 Qxf1+ 39. Kg3 Qg2+ 40. Kf4 Qf2+ 41. Ke4 Re2+ 42. Kd3 Qf3+ 43. Qe3 Qxe3# 0-1


[Site "https://www.chess.com"]

[Event "Titled Tuesday Blitz January 25 2022"]
[White "Maghsoodloo, Parham"]
[Black "Zarubitski, Viachaslau"]
[WhiteFideId "12539929"]
[BlackFideId "13509373"]
[WhiteElo "2630"]
[BlackElo "2325"]
[Result "1-0"]
[Round "09"]
[TimeControl "180+1"]
[Date "2022.01.26"]
[WhiteClock "0:00:59"]
[BlackClock "0:00:43"]

1. d4 Nf6 2. Nf3 d5 3. c4 c6 4. e3 Bf5 5. Nc3 e6 6. Nh4 Bg6 7. Qb3 Qb6 8. Nxg6 hxg6 9. Bd2 Nbd7 10. O-O-O Be7 11. f3 Qc7 12. g4 a6 13. cxd5 Nxd5 14. Kb1 Qb6 15. Qxb6 N7xb6 16. e4 Nxc3+ 17. bxc3 g5 18. Kc2 O-O-O 19. Be3 Nd7 20. e5 Nf8 21. Bd3 Rh3 22. Rdf1 Ng6 23. Bxg6 fxg6 24. Kd3 c5 25. Ke4 cxd4 26. cxd4 Rd5 27. Rf2 Kd7 28. Rc1 Bd8 29. Rb2 Rb5 30. Rxb5 axb5 31. Rc2 b4 32. Bg1 Be7 33. d5 exd5+ 34. Kxd5 Rxf3 35. e6+ Ke8 36. Rc8+ Bd8 37. Bb6 Rd3+ 38. Ke5 Rd1 39. Bxd8 Rxd8 40. Rxd8+ Kxd8 41. Kd6 Ke8 42. e7 b6 43. Ke6 b5 44. Kd6 b3 45. axb3 b4 46. h3 Kf7 47. Kd7 Kg8 48. e8=Q+ Kh7 49. Qe7 Kg8 50. Qxb4 Kh7 51. Qc4 1-0


[Site "https://www.chess.com"]

[Event "Titled Tuesday Blitz January 25 2022"]
[White "Maksimovic, Bojan"]
[Black "Saravana, Krishnan P."]
[WhiteFideId "14408120"]
[BlackFideId "5018382"]
[WhiteElo "2450"]
[BlackElo "2210"]
[Result "0-1"]
[Round "09"]
[TimeControl "180+1"]
[Date "2022.01.26"]
[WhiteClock "0:00:03"]
[BlackClock "0:00:06"]

1. e4 e6 2. d4 d5 3. Nc3 Bb4 4. e5 c5 5. Bd2 Ne7 6. a3 Bxc3 7. Bxc3 b6 8. Bb5+ Bd7 9. Bd3 Nbc6 10. f4 Ng6 11. g3 cxd4 12. Bd2 f5 13. Nf3 O-O 14. O-O Be8 15. Qe2 Nge7 16. Qf2 Bh5 17. Nxd4 Nxd4 18. Qxd4 Rc8 19. Bb4 Nc6 20. Qf2 Nxb4 21. axb4 Rf7 22. Qd4 Rfc7 23. c3 h6 24. Ra2 g5 25. Rfa1 Qe7 26. Rf1 Rf8 27. b5 Qg7 28. Kf2 Be8 29. Ke3 Rc5 30. Rfa1 Rf7 31. Rf1 Rfc7 32. Qb4 gxf4+ 33. Qxf4 Rc4 34. Bxc4 Rxc4 35. Qf3 Qxe5+ 36. Kf2 Bxb5 37. Re1 Re4 38. Rxe4 dxe4 39. Qf4 Qc5+ 40. Qe3 Qc4 41. Ra1 Kh7 42. g4 a5 43. Kg3 Qc7+ 44. Qf4 Qd7 45. g5 Qd3+ 46. Kh4 Qd8 47. Rg1 Be2 48. Kh3 Bg4+ 49. Kh4 Kg6 50. Qe5 Qxg5+ 51. Kg3 Qe3+ 52. Kg2 Qf3# 0-1


[Site "https://www.chess.com"]

[Event "Titled Tuesday Blitz January 25 2022"]
[White "Martinez Ramirez, Lennis"]
[Black "Abarca Gonzalez, Nicolas"]
[WhiteFideId "3509079"]
[BlackFideId "3409422"]
[WhiteElo "2374"]
[BlackElo "2504"]
[Result "0-1"]
[Round "09"]
[TimeControl "180+1"]
[Date "2022.01.26"]
[WhiteClock "0:00:01"]
[BlackClock "0:00:26"]

1. d4 Nf6 2. Bf4 d6 3. Nc3 a6 4. e4 b5 5. f3 Bb7 6. Qd2 Nbd7 7. O-O-O c5 8. dxc5 Nxc5 9. e5 dxe5 10. Bxe5 Qxd2+ 11. Rxd2 Rc8 12. a3 g6 13. Nh3 Bh6 14. Bf4 Bg7 15. Be2 O-O 16. Rhd1 e6 17. Kb1 Nd5 18. Nxd5 Bxd5 19. Be3 Na4 20. Bd4 Bh6 21. f4 Bxg2 22. Ng5 Rfd8 23. Bxb5 Rxd4 24. Bxa4 Rxa4 25. Rxg2 Rxf4 26. Rd7 Bxg5 27. Rxg5 Rf1+ 28. Ka2 Rxc2 29. Ra5 Rc6 30. Ra7 Rf2 31. R5xa6 Rxa6 32. Rxa6 Rxh2 33. a4 h5 34. a5 Rc2 35. Rd6 h4 36. a6 Rc8 37. b4 g5 38. b5 Ra8 39. Kb3 h3 40. b6 Rxa6 41. b7 Ra1 42. b8=Q+ Kg7 0-1


[Site "https://www.chess.com"]

[Event "Titled Tuesday Blitz January 25 2022"]
[White "Michelakos, Panagiotis"]
[Black "Seo, Jung Min"]
[WhiteFideId "4216067"]
[BlackFideId "1734687"]
[WhiteElo "2140"]
[BlackElo "2401"]
[Result "1-0"]
[Round "09"]
[TimeControl "180+1"]
[Date "2022.01.26"]
[WhiteClock "0:00:05"]
[BlackClock "0:00:03"]

1. d4 Nf6 2. c4 e6 3. Nc3 Bb4 4. e3 c5 5. Nf3 O-O 6. Bd3 b6 7. O-O Bb7 8. Na4 cxd4 9. exd4 Be7 10. Nc3 d5 11. Bg5 Nbd7 12. Rc1 Rc8 13. cxd5 Nxd5 14. Nxd5 Bxg5 15. Rxc8 Bxc8 16. Nxg5 Qxg5 17. Ne3 Nf6 18. Qa4 Qf4 19. Qxa7 Qxd4 20. Rd1 Qxb2 21. Nc4 Qc3 22. Nxb6 h6 23. Bf1 Qc5 24. Nxc8 Qxc8 25. a4 Qc2 26. Re1 Qd2 27. Rb1 Qc2 28. Rb8 g5 29. a5 Ne4 30. Rxf8+ Kxf8 31. a6 Nd2 32. Qb8+ Ke7 33. Qb4+ Kf6 34. a7 Qd1 35. Qxd2 Qxd2 36. a8=Q Kg7 37. Qe4 Qc1 38. g3 Qd1 39. Qe5+ Kg6 40. Kg2 Qd2 41. Qe4+ Kg7 42. Bd3 Kf8 43. Qd4 Qd1 44. Qc5+ Kg7 45. Qe5+ Kf8 46. Be4 Qe2 47. Qh8+ Ke7 48. Bf3 Qe5 49. Qxh6 Qf5 50. Qh5 Qf6 51. Qg4 Qh6 52. Qe4 f5 53. Qb4+ Kf6 54. Qd4+ Ke7 55. Qe5 g4 56. Bd5 Kd7 57. Bc4 Qg6 58. h3 gxh3+ 59. Kxh3 Qh6+ 60. Kg2 Qg6 61. Qd4+ Ke7 62. Qe5 Kd7 63. Bb5+ Ke7 64. Qc7+ Kf6 65. Qd6 Qg7 66. Bc4 Qf7 67. Qd4+ Kg5 68. Qe5 Qb7+ 69. Kh2 Qh7+ 70. Kg1 Qb7 71. Bxe6 Qb1+ 72. Kg2 Qd3 73. Bd5 1-0


[Site "https://www.chess.com"]

[Event "Titled Tuesday Blitz January 25 2022"]
[White "Moskalenko, Alexander"]
[Black "Ambartsumova, Karina"]
[WhiteFideId "4155351"]
[BlackFideId "4166299"]
[WhiteElo "2515"]
[BlackElo "2262"]
[Result "1-0"]
[Round "09"]
[TimeControl "180+1"]
[Date "2022.01.26"]
[WhiteClock "0:01:50"]
[BlackClock "0:00:10"]

1. f4 Nf6 2. Nf3 g6 3. g3 Bg7 4. Bg2 O-O 5. d3 d5 6. O-O c5 7. c3 Nc6 8. Ne5 Qc7 9. Nxc6 bxc6 10. e4 Ba6 11. Re1 dxe4 12. dxe4 Rfd8 13. Qa4 Bb5 14. Qa3 Bd3 15. e5 Ne4 16. Nd2 Nxd2 17. Bxd2 c4 18. Be3 Bf8 19. Rad1 a5 20. Bc5 a4 21. h4 h5 22. Kh2 Rdb8 23. Rd2 Qc8 24. e6 fxe6 25. Bxe7 Bg7 26. Bd6 Rb5 27. Be5 Qd7 28. Bxg7 Kxg7 29. Re3 Qf7 30. Qd6 Rab8 31. Rxe6 Rd8 32. Qxc6 Rb7 33. Qxb7 1-0


[Site "https://www.chess.com"]

[Event "Titled Tuesday Blitz January 25 2022"]
[White "Mustafayev, Farid"]
[Black "Erdogdu, Mert"]
[WhiteFideId "13408771"]
[BlackFideId "6301495"]
[WhiteElo "2129"]
[BlackElo "2485"]
[Result "1-0"]
[Round "09"]
[TimeControl "180+1"]
[Date "2022.01.26"]
[WhiteClock "0:00:56"]
[BlackClock "0:00:25"]

1. d4 d5 2. c4 e6 3. Nc3 c5 4. cxd5 exd5 5. Nf3 Nc6 6. e3 Nf6 7. h3 cxd4 8. exd4 Bb4 9. Bd3 O-O 10. O-O h6 11. Ne2 Re8 12. Bf4 Ne4 13. Rc1 Bf5 14. Qb3 Qd7 15. Rxc6 Qxc6 16. Qxb4 Ng5 17. Bxf5 Nxf3+ 18. gxf3 Rxe2 19. Bd3 Re6 20. Kh2 a6 21. Rg1 Rae8 22. Qd2 f6 23. Bg6 R8e7 24. Rc1 Qd7 25. Bf5 Kf7 26. Rc7 Qd8 27. Bxe6+ Kxe6 28. Qe3+ Kf7 29. Rxe7+ Qxe7 30. Qxe7+ Kxe7 31. Bd2 Ke6 32. Kg3 Kf5 33. Bb4 h5 34. Bf8 g5 35. Kg2 Kf4 36. Bd6+ Kf5 37. Kf1 Ke6 38. Bb8 Kf5 39. Ke2 g4 40. fxg4+ hxg4 41. h4 Kg6 42. Ke3 Kh5 43. Bg3 Kg6 44. Kf4 1-0


[Site "https://www.chess.com"]

[Event "Titled Tuesday Blitz January 25 2022"]
[White "Navalgund, Niranjan"]
[Black "Ibrahimli, Murad"]
[WhiteFideId "5030854"]
[BlackFideId "13410229"]
[WhiteElo "2290"]
[BlackElo "2109"]
[Result "0-1"]
[Round "09"]
[TimeControl "180+1"]
[Date "2022.01.26"]
[WhiteClock "0:00:10"]
[BlackClock "0:00:25"]

1. e4 e5 2. Nf3 Nc6 3. Bb5 Nf6 4. O-O Nxe4 5. Re1 Nd6 6. Bf1 Be7 7. Nxe5 O-O 8. d4 Nf5 9. c3 Bf6 10. Bd3 d5 11. Ng4 Nd6 12. Qf3 Bxg4 13. Qxg4 Re8 14. Rxe8+ Qxe8 15. Bd2 Ne4 16. Be3 Na5 17. Nd2 Nxd2 18. Bxd2 Nc4 19. Re1 Qc8 20. Bf5 Qf8 21. Bc1 Re8 22. Re2 g6 23. Bd3 Bg7 24. h4 f5 25. Qf3 c6 26. h5 Nd6 27. hxg6 hxg6 28. Qg3 Rxe2 29. Bxe2 Kf7 30. f3 Qe7 31. Kf1 Bf6 32. Bf4 Nc4 33. b3 Ne3+ 34. Kf2 Bh4 35. Qxh4 Qxh4+ 36. Kxe3 Qe1 37. g4 Qxc3+ 38. Kf2 fxg4 39. Be3 g3+ 0-1


[Site "https://www.chess.com"]

[Event "Titled Tuesday Blitz January 25 2022"]
[White "Nazaretyan, Tigran"]
[Black "Donchenko, Alexander"]
[WhiteFideId "24162345"]
[BlackFideId "24603295"]
[WhiteElo "2192"]
[BlackElo "2539"]
[Result "0-1"]
[Round "09"]
[TimeControl "180+1"]
[Date "2022.01.26"]
[WhiteClock "0:00:26"]
[BlackClock "0:00:13"]

1. d4 Nf6 2. c4 e6 3. Nf3 d5 4. Nc3 Bb4 5. Qa4+ Nc6 6. e3 O-O 7. Bd2 Re8 8. a3 Bf8 9. Rd1 Bd7 10. Qc2 e5 11. dxe5 Nxe5 12. cxd5 Nxf3+ 13. gxf3 c6 14. dxc6 Bxc6 15. Bg2 Qa5 16. Ne4 Qf5 17. Nxf6+ Qxf6 18. Bc3 Qg5 19. Kf1 Rad8 20. h4 Bb5+ 21. Kg1 Qg6 22. Qc1 Be2 23. h5 Qg5 24. f4 Qg4 25. Rd4 Bc5 26. h6 Bf3 27. Rh2 Bxd4 28. Bxd4 Rc8 29. Qd2 Re6 30. Bxg7 Rg6 31. f5 Bxg2 32. fxg6 Rc1+ 33. Qxc1 Be4+ 34. Kf1 Bd3+ 35. Ke1 Qe2# 0-1


[Site "https://www.chess.com"]

[Event "Titled Tuesday Blitz January 25 2022"]
[White "Nesterov, Arseniy"]
[Black "Le, Tuan Minh"]
[WhiteFideId "24198455"]
[BlackFideId "12401153"]
[WhiteElo "2489"]
[BlackElo "2450"]
[Result "0-1"]
[Round "09"]
[TimeControl "180+1"]
[Date "2022.01.26"]
[WhiteClock "0:01:27"]
[BlackClock "0:02:21"]

1. d4 d5 2. c4 c6 3. Nc3 Nf6 4. e3 a6 5. Qc2 e6 6. Nf3 dxc4 7. Bxc4 b5 8. Bd3 Bb7 9. O-O Nbd7 10. a4 Rc8 11. Ne4 Qb6 12. Bd2 Nxe4 13. Bxe4 c5 14. Ba5 Bxe4 0-1


[Site "https://www.chess.com"]